 Dungeon Crawl Stone Soup version 0.28.0-47-ge53b351184 (webtiles) character file.

Game seed: 17090955431738168972

1059 nickcage the Frost Mage (level 8, -2/43 HPs)
             Began as a Deep Elf Ice Elementalist on Apr 28, 2022.
             Slain by Grinder (8 damage)
             ... on level 5 of the Dungeon.
             The game lasted 00:22:50 (6121 turns).

nickcage the Frost Mage (Deep Elf Ice Elementalist) Turns: 6121, Time: 00:22:51

Health: -2/43      AC:  4    Str:  3    XL:     8   Next: 6%
Magic:  10/17      EV: 12    Int: 23    God:
Gold:   251        SH:  0    Dex: 15    Spells: 6/17 levels left

rFire   + . .      SeeInvis .   q - +4 short sword (drain)
rCold   + . .      Faith    .   (no shield)
rNeg    . . .      Spirit   .   r - +1 robe {rC+}
rPois   .          Reflect  .   (no helmet)
rElec   .          Harm     .   h - +0 cloak
rCorr   +          Rampage  .   (no gloves)
Will    ++...                   (no boots)
Stlth   ++........              (no amulet)
HPRegen 0.14/turn               j - ring "Ramoogh" {Wiz rF+ Will++ rCorr Str-2}
MPRegen 0.15/turn               (no ring)

@: no status effects
A: no striking features
a: no special abilities


You were on level 5 of the Dungeon.
You visited 1 branch of the dungeon, and saw 5 of its levels.
You also visited: Sewer.

You collected 251 gold pieces.

Inventory:

Hand Weapons
 b - a +1 whip of venom
 c - a +0 short sword of protection
 l - a +0 rapier
 q - a +4 short sword of draining (weapon)
 w - a +3 dagger of venom
Armour
 a - a +0 robe
 h - a +0 cloak (worn)
 r - a +1 robe of cold resistance (worn)
Jewellery
 j - the ring "Ramoogh" (left hand) {Wiz rF+ Will++ rCorr Str-2}
   (You acquired it on level 4 of the Dungeon)

   [ring of wizardry]

   It improves your spell success rate.
   Str:       It affects your strength (-2).
   rF:        It protects you from fire.
   rCorr:     It protects you from acid and corrosion.
   Will:      It greatly increases your willpower.
Wands
 v - a wand of iceblast (3)
Scrolls
 f - a scroll of brand weapon
 m - a scroll of fear {unknown}
 n - 2 scrolls of identify
 t - a scroll of blinking
 u - a scroll of magic mapping {unknown}
 x - a scroll of fog
Potions
 d - a potion of curing
 e - a potion of invisibility
 g - a potion of heal wounds {unknown}
 k - 4 potions of lignification
 o - a potion of might
 p - a potion of mutation {unknown}
 z - a potion of brilliance {unknown}
Miscellaneous
 i - a phantom mirror
 s - a piece from Xom's chessboard (15/15)


   Skills:
 - Level 1.0 Fighting
 - Level 2.4 Dodging
 - Level 2.4 Stealth
 + Level 5.0 Spellcasting
 - Level 10.5 Ice Magic


You had 6 spell levels left.
You knew the following spells:

 Your Spells              Type           Power      Damage    Failure   Level
a - Freeze                Ice            100%       1d11      1%          1
b - Frozen Ramparts       Ice            100%       1d12      1%          3
c - Ozocubu's Armour      Ice            53%        N/A       1%          3
d - Hailstorm             Conj/Ice       30%        3d8       4%          4

Your spell library contained the following spells:

 Spells                   Type           Power      Damage    Failure   Level


Dungeon Overview and Level Annotations

Branches:
Dungeon (5/15)              Sewer (visited)
 Temple: D:4-7

Altars:
Hepliaklqana
Wu Jian
Xom

Annotations:
D:5 Grinder


Message History

You hit Grinder but do no damage.
Grinder is moderately wounded.
Your icy armour evaporates.
Grinder resists.
The wall freezes Grinder.
Grinder misses you.
You closely miss Grinder.
Grinder is moderately wounded.
Grinder completely resists.
The wall freezes Grinder but does no damage.
Grinder says, "Wait up."
Grinder barely misses you.
You hit Grinder.
Grinder is moderately wounded.
Grinder completely resists.
The wall freezes Grinder but does no damage.
Grinder says, "Don't move a muscle."
Grinder hits you!
You writhe in agony.
You closely miss Grinder.
Grinder is moderately wounded.
The frozen ramparts melt away.
Grinder barely misses you.
You hit Grinder.
Grinder is heavily wounded.
Grinder hits you!
* * * LOW HITPOINT WARNING * * *
You writhe in agony.
* * * LOW HITPOINT WARNING * * *
You hit Grinder.
Grinder is heavily wounded.
Grinder misses you.
You closely miss Grinder.
Grinder is heavily wounded.
Grinder misses you.
You hit Grinder.
Grinder is severely wounded.
Grinder gestures at you. You resist with almost no effort.
You closely miss Grinder.
Grinder is severely wounded.
Grinder says, "DUCK!"
Grinder hits you!
You die...

..... ... .....
.....##.###.....
......#.#.......
.........o...........
..........o..........
.............o..#####.
......................
..............#######...
.............))5@.......
...............######...
...†...........####
..................#
..............###.####
...........>.........#
.....................#
.....................#
########
.#........#..........#
##..>...##


You could see Grinder.

Vanquished Creatures
  Duvessa (D:4)
  An ice beast (D:5)
  An orc warrior (D:5)
  A bullfrog (Sewer)
  A wyvern skeleton (D:5)
  Dowan (D:4)
  2 hounds (D:5)
  2 jellies (D:4)
  An orc priest (D:5)
  Ijyb (D:4)
  Natasha (thrice) (D:4)
  An orc wizard (D:5)
  A scorpion zombie (D:5)
  8 gnolls
  13 adders
  2 worms (D:2)
  3 dart slugs
  4 orcs
  10 ball pythons
  3 bats (D:1)
  9 endoplasms
  15 giant cockroaches
  6 hobgoblins
  8 quokkas
  8 frilled lizards
  3 goblins
  13 kobolds
  A spectral goblin (D:3)
123 creatures vanquished.

Vanquished Creatures (others)
  9 plants (D:2)
  9 toadstools (D:4)
18 creatures vanquished.

Grand Total: 141 creatures vanquished

Notes
Turn   | Place    | Note
-------+----------+-------------------------------------------
     0 | D:1      | nickcage the Deep Elf Ice Elementalist began the quest for
                  | the Orb.
     0 | D:1      | Reached XP level 1. HP: 10/10 MP: 6/6
   243 | D:1      | Reached XP level 2. HP: 7/15 MP: 4/8
   770 | D:1      | Reached skill level 5 in Ice Magic
  1413 | D:2      | Reached XP level 3. HP: 18/19 MP: 6/10
  1417 | D:2      | Learned a level 3 spell: Frozen Ramparts
  1421 | D:2      | Learned a level 3 spell: Ozocubu's Armour
  1927 | D:2      | Reached XP level 4. HP: 24/24 MP: 10/12
  2539 | D:3      | Reached skill level 5 in Spellcasting
  2821 | D:3      | Found a glowing drain.
  2824 | D:3      | Reached skill level 6 in Ice Magic
  2865 | Sewer    | Entered a sewer
  2922 | Sewer    | Reached XP level 5. HP: 28/28 MP: 11/14
  3239 | Sewer    | Reached skill level 7 in Ice Magic
  3507 | D:3      | Reached XP level 6. HP: 26/32 MP: 13/15
  3619 | D:3      | Found an ornate altar of the Wu Jian Council.
  3765 | D:3      | Found a hazy altar of Hepliaklqana.
  3891 | D:4      | Identified a scroll of acquirement
  3891 | D:4      | Acquired the ring "Ramoogh" {Wiz rF+ Will++ rCorr Str-2}
  3972 | D:4      | Noticed Duvessa
  3985 | D:4      | Noticed Dowan
  3989 | D:4      | Killed Duvessa
  4000 | D:4      | Killed Dowan
  4001 | D:4      | Reached skill level 8 in Ice Magic
  4163 | D:4      | Found a shimmering altar of Xom.
  4289 | D:4      | Noticed Natasha
  4295 | D:4      | Killed Natasha
  4378 | D:4      | Reached XP level 7. HP: 21/36 MP: 5/16
  4580 | D:4      | Noticed Natasha
  4586 | D:4      | Killed Natasha
  4587 | D:4      | Reached skill level 9 in Ice Magic
  4653 | D:4      | Learned a level 4 spell: Hailstorm
  4882 | D:4      | Noticed Natasha
  4888 | D:4      | Killed Natasha
  5044 | D:4      | Noticed Ijyb
  5053 | D:4      | Killed Ijyb
  5364 | D:5      | Entered Level 5 of the Dungeon
  5753 | D:5      | Reached skill level 10 in Ice Magic
  6067 | D:5      | Noticed Grinder
  6091 | D:5      | Reached skill level 1 in Fighting
  6091 | D:5      | Reached XP level 8. HP: 42/43 MP: 12/17
  6121 | D:5      | Slain by Grinder

Illustrated notes

Levels and vault maps discovered:
D:1:      mrwooster_arrival_statue, layout_basic
D:2:      layout_loops_ring, serial_forest, infiniplex_forest_clump_double,
          infiniplex_forest_diagonal, infiniplex_forest_lined_room_3,
          infiniplex_forest_end_2, infiniplex_forest_end_2,
          infiniplex_forest_lined_ring, infiniplex_forest_clump_curved,
          infiniplex_forest_corner_1, hangedman_decor_growths,
          corexii_hall_statues_x
D:3:      layout_basic, nicolae_hepliaklqana_monster_ancestors,
          nzn_wu_jian_council_hall, gup_sewer_entry_pipe, hangedman_decor_points
D:4:      cheibrodos_fertilizer, layout_cave_pods, xom_butterflies,
          nicolae_ossuary_entry_monument, uniq_duvessa, uniq_natasha, uniq_ijyb
D:5:      layout_rooms, grunt_ministairs_8, uniq_grinder

Skill      XL: |  1  2  3  4  5  6  7 |
---------------+----------------------+-----
Ice Magic      | 5 6 7 8 10 | 10.5
Spellcasting   | 4 5 |  5.0
Fighting       | 1 |  1.0
Dodging        | |  2.4
Stealth        | |  2.4

Action                   |  1- 3 |  4- 6 |  7- 9 || total
-------------------------+-------+-------+-------++-------
Melee: Short sword       |     7 |    26 |    56 ||    89
       Whip              |       |     8 |       ||     8
       Punch             |       |     2 |     1 ||     3
 Cast: Freeze            |    44 |    88 |    32 ||   164
       Frozen Ramparts   |       |     8 |     8 ||    16
       Ozocubu's Armour  |       |     6 |     4 ||    10
  Use: Scroll            |       |    11 |       ||    11
       Potion            |       |     1 |     1 ||     2
 Stab: Sleeping          |     1 |       |     2 ||     3
Armor: Robe              |     9 |    16 |    16 ||    41
Dodge: Dodged            |    19 |    39 |    42 ||   100
